[Event "Titled Tuesday Blitz August 09 Late 2022"]
[White "Przybylski, Wojciech"]
[Black "Nakamura, Hikaru"]
[WhiteFideId "1117599"]
[BlackFideId "2016192"]
[WhiteElo "2133"]
[BlackElo "2850"]
[Result "0-1"]
[Round "01"]
[TimeControl "180+1"]
[Date "2022.08.09"]
[WhiteClock "0:00:02"]
[BlackClock "0:01:28"]

1. d4 g6 2. e4 Bg7 3. Nc3 d6 4. Nf3 a6 5. a4 b6 6. h3 e6 7. Be2 Bb7 8. O-O Ne7 9. Re1 Nd7 10. Be3 h6 11. Qd2 g5 12. Rad1 Ng6 13. d5 O-O 14. Nd4 Qe7 15. Bg4 Nde5 16. dxe6 Nxg4 17. exf7+ Qxf7 18. hxg4 Ne5 19. f3 h5 20. Bxg5 hxg4 21. f4 Nc4 22. Qe2 Nxb2 23. Rd2 Qc4 24. Nf5 Qxc3 25. Qxg4 Rxf5 26. exf5 Qxd2 27. Re7 Qxg2+ 28. Qxg2 Bxg2 29. Kxg2 Rf8 30. Rxc7 Nxa4 0-1


[Site "https://www.chess.com"]

[Event "Titled Tuesday Blitz August 09 Late 2022"]
[White "Reprintsev, Alexander"]
[Black "Muradli, Mahammad"]
[WhiteFideId "14100541"]
[BlackFideId "13409301"]
[WhiteElo "2108"]
[BlackElo "2611"]
[Result "0-1"]
[Round "01"]
[TimeControl "180+1"]
[Date "2022.08.09"]
[WhiteClock "0:00:04"]
[BlackClock "0:00:53"]

1. e4 d6 2. d4 Nf6 3. Nc3 g6 4. h4 Bg7 5. h5 O-O 6. hxg6 hxg6 7. Be2 c5 8. d5 e6 9. Bh6 Bxh6 10. Rxh6 Kg7 11. Qd2 Rh8 12. Rxh8 Qxh8 13. O-O-O Qh2 14. Nf3 Qxg2 15. dxe6 Bxe6 16. Qxd6 Qxf2 17. e5 Ng4 18. Qc7 Qe3+ 19. Kb1 Nc6 20. Qxb7 Rb8 21. Qxc6 Qxc3 22. b3 Nxe5 23. Qc7 Nxf3 24. Qxb8 Nd2+ 25. Kc1 Ne4 26. Kb1 Qf6 27. Rd8 Nc3+ 28. Kc1 Nxe2+ 29. Kd2 Nd4 30. Rg8+ Kh7 31. c3 Qf2+ 32. Kd3 Qe2# 0-1


[Site "https://www.chess.com"]

[Event "Titled Tuesday Blitz August 09 Late 2022"]
[White "Rosenberg, Evan S"]
[Black "Abdrlauf, Elham"]
[WhiteFideId "2019299"]
[BlackFideId "1533533"]
[WhiteElo "2457"]
[BlackElo "2430"]
[Result "0-1"]
[Round "01"]
[TimeControl "180+1"]
[Date "2022.08.09"]
[WhiteClock "0:00:02"]
[BlackClock "0:00:52"]

1. e4 c6 2. d4 d5 3. e5 c5 4. dxc5 e6 5. Nf3 Bxc5 6. Bd3 Nc6 7. O-O f6 8. Qe2 fxe5 9. Nxe5 Nf6 10. Bg5 O-O 11. c3 Nxe5 12. Qxe5 Bd6 13. Qe2 e5 14. Bc2 Be6 15. Nd2 Qb6 16. Nf3 Rae8 17. Be3 Qc7 18. Ng5 Bc8 19. h3 e4 20. Bd4 h6 21. Bb3 hxg5 22. Bxf6 gxf6 23. Bxd5+ Kg7 24. Qh5 Bf5 25. Rad1 Bg6 26. Qe2 Qe7 27. Qc4 Rh8 28. Rfe1 Qe5 29. g3 Rxh3 30. Re3 Reh8 31. Kf1 Rh1+ 32. Ke2 Bh5+ 33. f3 Bxf3+ 34. Rxf3 exf3+ 35. Kxf3 Rxd1 0-1


[Site "https://www.chess.com"]

[Event "Titled Tuesday Blitz August 09 Late 2022"]
[White "Salem, A.R. Saleh"]
[Black "Fedotov, Nikita"]
[WhiteFideId "9301348"]
[BlackFideId "24161446"]
[WhiteElo "2674"]
[BlackElo "2102"]
[Result "1-0"]
[Round "01"]
[TimeControl "180+1"]
[Date "2022.08.09"]
[WhiteClock "0:00:31"]
[BlackClock "0:00:16"]

1. d4 Nf6 2. c4 c5 3. d5 b5 4. cxb5 a6 5. e3 e6 6. dxe6 fxe6 7. Nf3 d5 8. bxa6 Bd6 9. Bb5+ Nbd7 10. O-O Bxa6 11. Nc3 O-O 12. Qe2 Qb6 13. Bxa6 Qxa6 14. Qxa6 Rxa6 15. b3 Ne5 16. Na4 Nxf3+ 17. gxf3 Be5 18. Rb1 c4 19. Rd1 Rb8 20. Bd2 Nd7 21. Rdc1 g5 22. h3 h6 23. Kf1 Kf7 24. Ke2 Nb6 25. Nxb6 Rbxb6 26. bxc4 Rxb1 27. Rxb1 dxc4 28. Rc1 c3 29. Bxc3 Bxc3 30. Rxc3 Rxa2+ 31. Kf1 Kf6 32. Rc4 h5 33. Kg2 Ra1 34. f4 Ra5 35. Kg3 Ra2 36. Re4 gxf4+ 37. Rxf4+ Kg5 38. Re4 Kf5 39. Rf4+ Kg5 40. h4+ Kg6 41. Kf3 Ra1 42. Ke4 Ra5 43. Rf8 Ra4+ 44. Ke5 Rxh4 45. f4 Rh3 46. e4 h4 47. Kxe6 Re3 48. e5 Kg7 49. Rf7+ Kg8 50. Rf5 h3 51. Rh5 Kg7 52. f5 Rf3 53. Rh4 Ra3 54. f6+ Kf8 55. Rh8# 1-0


[Site "https://www.chess.com"]

[Event "Titled Tuesday Blitz August 09 Late 2022"]
[White "Sarana, Alexey"]
[Black "Premnath, R."]
[WhiteFideId "24133795"]
[BlackFideId "5021928"]
[WhiteElo "2666"]
[BlackElo "2500"]
[Result "1-0"]
[Round "01"]
[TimeControl "180+1"]
[Date "2022.08.09"]
[WhiteClock "0:02:32"]
[BlackClock "0:00:24"]

1. c4 Nf6 2. Nc3 e6 3. d4 Bb4 4. e3 d5 5. Bd3 O-O 6. a3 Bxc3+ 7. bxc3 c5 8. cxd5 exd5 9. Ne2 b6 10. O-O Ba6 11. f3 Bxd3 12. Qxd3 Re8 13. Ng3 Nc6 14. Bb2 g6 15. e4 Rc8 16. e5 Nd7 17. f4 f5 18. Nxf5 gxf5 19. Qxf5 Qe7 20. Rae1 c4 21. Qh5 Nf8 22. f5 Qf7 23. Qg4+ Kh8 24. Bc1 Ne7 25. Bg5 Rc6 26. e6 Qg7 27. f6 Qg6 28. f7 1-0


[Site "https://www.chess.com"]

[Event "Titled Tuesday Blitz August 09 Late 2022"]
[White "Semenenko, Dmytry"]
[Black "Izoria, Zviad"]
[WhiteFideId "14118645"]
[BlackFideId "13601733"]
[WhiteElo "2113"]
[BlackElo "2626"]
[Result "0-1"]
[Round "01"]
[TimeControl "180+1"]
[Date "2022.08.09"]
[WhiteClock "0:01:56"]
[BlackClock "0:01:21"]

1. Nf3 g6 2. c4 Bg7 3. d4 c5 4. e3 Nf6 5. Nc3 O-O 6. Be2 cxd4 7. exd4 d5 8. c5 Ne4 9. O-O b6 10. cxb6 Nxc3 11. bxc3 axb6 12. Qb3 Ba6 13. Bxa6 Rxa6 14. Bf4 e6 15. Rab1 Nc6 16. Qb5 Qa8 17. a4 Rc8 18. Rfc1 h6 19. Bd6 Rxa4 20. Qxb6 Qa6 21. Qxa6 Rxa6 22. Ra1 Nxd4 23. Nxd4 Rxd6 24. Nb5 Rb6 25. Ra5 Kh7 26. h3 Rc5 27. Rb1 Bxc3 28. Nxc3 Rxb1+ 29. Nxb1 Rxa5 0-1


[Site "https://www.chess.com"]

[Event "Titled Tuesday Blitz August 09 Late 2022"]
[White "Shimanov, Aleksandr"]
[Black "Gundam, Rohit"]
[WhiteFideId "4198603"]
[BlackFideId "75002809"]
[WhiteElo "2605"]
[BlackElo "2487"]
[Result "1-0"]
[Round "01"]
[TimeControl "180+1"]
[Date "2022.08.09"]
[WhiteClock "0:00:49"]
[BlackClock "0:00:11"]

1. e4 e5 2. Nf3 Nc6 3. Nc3 Nf6 4. h3 Bc5 5. Nxe5 Nxe5 6. d4 Bb4 7. dxe5 Nxe4 8. Qd4 Bxc3+ 9. bxc3 Ng5 10. Ba3 Ne6 11. Qd2 c5 12. Bc4 Qa5 13. Bb2 O-O 14. O-O b5 15. Bd5 Rb8 16. f4 Nc7 17. Bf3 Rd8 18. f5 Bb7 19. Qg5 Qb6 20. Rad1 c4+ 21. Kh1 f6 22. Qg3 Bxf3 23. Rxf3 Ne8 24. Ba3 d5 25. Be7 Rd7 26. exf6 Rc8 27. Re1 Nxf6 28. Re6 Ne4 29. Qh4 Rc6 30. f6 Rxe6 31. f7+ 1-0


[Site "https://www.chess.com"]

[Event "Titled Tuesday Blitz August 09 Late 2022"]
[White "Suder, Jakub"]
[Black "Andreikin, Dmitry"]
[WhiteFideId "1195310"]
[BlackFideId "4158814"]
[WhiteElo "2095"]
[BlackElo "2736"]
[Result "0-1"]
[Round "01"]
[TimeControl "180+1"]
[Date "2022.08.09"]
[WhiteClock "0:01:10"]
[BlackClock "0:00:48"]

1. d4 Nf6 2. c4 g6 3. Nc3 Bg7 4. e4 O-O 5. Be2 d6 6. Nf3 e5 7. O-O Nc6 8. d5 Ne7 9. Ne1 a5 10. Be3 Nd7 11. Nd3 f5 12. f3 f4 13. Bf2 b6 14. a3 Ba6 15. Nb5 g5 16. b4 h5 17. Kh1 Nf6 18. Bg1 g4 19. bxa5 bxa5 20. a4 g3 21. c5 gxh2 22. Bxh2 h4 23. cxd6 cxd6 24. Rc1 Bxb5 25. axb5 Nh5 26. Nf2 a4 27. Nh3 Qb6 28. Qd2 a3 29. Ra1 Rfc8 30. Rfc1 Ng3+ 31. Bxg3 hxg3 32. Rxc8+ Nxc8 33. Qc3 Qc5 34. Qxc5 dxc5 35. Ng5 Bf8 36. Ne6 Bd6 37. Kg1 Nb6 38. Kf1 c4 39. Ke1 a2 40. Kd1 Ra3 41. Kc2 Bb4 42. d6 Bxd6 43. Kb2 Na4+ 44. Kc2 Rc3+ 45. Kd2 Bb4 46. Kd1 Nb2+ 47. Kd2 Re3+ 0-1


[Site "https://www.chess.com"]

[Event "Titled Tuesday Blitz August 09 Late 2022"]
[White "Svane, Frederik"]
[Black "Menezes, Christoph"]
[WhiteFideId "12923044"]
[BlackFideId "1617001"]
[WhiteElo "2459"]
[BlackElo "2368"]
[Result "1-0"]
[Round "01"]
[TimeControl "180+1"]
[Date "2022.08.09"]
[WhiteClock "0:01:19"]
[BlackClock "0:00:20"]

1. c4 e6 2. Nf3 d5 3. e3 Nf6 4. b3 b6 5. Bb2 Bb7 6. Nc3 a6 7. d4 Nbd7 8. Bd3 Bd6 9. O-O O-O 10. Rc1 Qe7 11. Re1 dxc4 12. bxc4 e5 13. Bb1 Rfe8 14. d5 e4 15. Nd4 g6 16. Nc6 Qf8 17. Qd4 Nc5 18. Qxf6 1-0


[Site "https://www.chess.com"]

[Event "Titled Tuesday Blitz August 09 Late 2022"]
[White "Taboas Rodriguez, Daniel"]
[Black "Chigaev, Maksim"]
[WhiteFideId "2208466"]
[BlackFideId "4108116"]
[WhiteElo "2429"]
[BlackElo "2487"]
[Result "0-1"]
[Round "01"]
[TimeControl "180+1"]
[Date "2022.08.09"]
[WhiteClock "0:01:08"]
[BlackClock "0:00:25"]

1. d4 Nf6 2. Nf3 g6 3. c4 Bg7 4. Nc3 O-O 5. e4 d6 6. Be2 e5 7. dxe5 dxe5 8. Qxd8 Rxd8 9. Bg5 Be6 10. Nxe5 h6 11. Bh4 g5 12. Bg3 Na6 13. O-O Nc5 14. Bf3 g4 15. Be2 Nfxe4 16. Nxe4 Nxe4 17. Nxg4 Rd2 18. Bf3 Nxg3 19. hxg3 c6 20. Ne3 Rad8 21. Rab1 Bxb2 22. Rfd1 Rxd1+ 23. Rxd1 Rxd1+ 24. Bxd1 Bd4 25. Bb3 Bxe3 26. fxe3 c5 27. Kf2 Kg7 28. Kf3 Kf6 29. Kf4 a6 30. a4 b5 31. axb5 axb5 32. e4 Bxc4 33. e5+ Ke6 34. Bc2 Kd5 0-1


[Site "https://www.chess.com"]

[Event "Titled Tuesday Blitz August 09 Late 2022"]
[White "Terry, Renato"]
[Black "Thorhallsson, Simon"]
[WhiteFideId "3803457"]
[BlackFideId "2310090"]
[WhiteElo "2577"]
[BlackElo "2137"]
[Result "1-0"]
[Round "01"]
[TimeControl "180+1"]
[Date "2022.08.09"]
[WhiteClock "0:02:41"]
[BlackClock "0:02:40"]

1. e4 d5 2. exd5 Qxd5 3. Nc3 Qd6 4. Nb5 Qd8 5. Bc4 c6 6. Nc3 Nf6 7. Nf3 Bg4 8. Bxf7+ Kxf7 9. Ne5+ Kg8 10. Nxg4 Nbd7 11. Qe2 h5 12. Qe6+ Kh7 13. Ne3 Nc5 14. Qf5+ 1-0


[Site "https://www.chess.com"]

[Event "Titled Tuesday Blitz August 09 Late 2022"]
[White "Vasquez Schroeder, Rodrigo"]
[Black "Zemach, Roee"]
[WhiteFideId "3400042"]
[BlackFideId "2818531"]
[WhiteElo "2567"]
[BlackElo "2108"]
[Result "1-0"]
[Round "01"]
[TimeControl "180+1"]
[Date "2022.08.09"]
[WhiteClock "0:00:29"]
[BlackClock "0:00:42"]

1. e4 c5 2. Nf3 e6 3. d4 cxd4 4. Nxd4 Nc6 5. Nb5 d6 6. c4 a6 7. N5c3 Nf6 8. Be2 Be7 9. O-O O-O 10. Na3 Qc7 11. Be3 Rd8 12. Rc1 b6 13. Nd5 exd5 14. cxd5 Bb7 15. dxc6 Bxc6 16. Qc2 Rdc8 17. Rfd1 Qb7 18. f3 Bxe4 19. Qb3 Bd5 20. Qxb6 Qxb6 21. Bxb6 Bxa2 22. Bd4 Bb3 23. Re1 Rxc1 24. Rxc1 d5 25. Rc7 Kf8 26. Rc6 a5 27. Nb5 a4 28. Nc7 Rd8 29. Bb5 Rd6 30. Rc3 Rd8 31. Rc6 Rd6 32. Rc3 Rd8 33. Na6 Ne8 34. Nc5 Nd6 35. Bxa4 Bxa4 36. Nxa4 Nb5 37. Rd3 Ra8 38. b3 Rxa4 39. Bxg7+ Kxg7 40. bxa4 Nc7 41. Rc3 Na6 42. Rc6 Nb4 43. Rc7 Bd6 44. Rb7 Kf6 45. a5 Ke6 46. Kf1 d4 47. g3 h5 48. Rb6 Kd7 49. a6 Bc7 50. Rxb4 1-0


[Site "https://www.chess.com"]

[Event "Titled Tuesday Blitz August 09 Late 2022"]
[White "Vrbljanac, Aleksandar"]
[Black "Hakobyan, Aram"]
[WhiteFideId "932817"]
[BlackFideId "13306677"]
[WhiteElo "2309"]
[BlackElo "2557"]
[Result "1/2-1/2"]
[Round "01"]
[TimeControl "180+1"]
[Date "2022.08.09"]
[WhiteClock "0:00:00"]
[BlackClock "0:00:36"]

1. e4 c6 2. Nf3 d5 3. Nc3 g6 4. h3 Bg7 5. d4 Nf6 6. e5 Ne4 7. Bd3 Nxc3 8. bxc3 c5 9. O-O Nc6 10. Bb5 Qc7 11. Bf4 O-O 12. Qd2 cxd4 13. cxd4 Qa5 14. Bxc6 Qxd2 15. Nxd2 bxc6 16. Nb3 Bf5 17. c3 h6 18. g4 Bd3 19. Rfd1 Be2 20. Rd2 Bf3 21. Nc5 g5 22. Bg3 h5 23. gxh5 Bxh5 24. Rb1 Rab8 25. Rdb2 Rxb2 26. Rxb2 Bf3 27. Rb7 Re8 28. e6 f5 29. Rb8 Rf8 30. Rxf8+ Kxf8 31. Bb8 a5 32. Bc7 g4 33. hxg4 fxg4 34. Bxa5 Bh6 35. a4 Bd2 36. Bb4 Be2 37. a5 Kg7 38. a6 Bxa6 39. Nxa6 Kf6 40. Nc5 Kf5 41. Kg2 Be1 42. Nd3 Bd2 43. Bxe7 Kxe6 44. Bb4 Kf5 45. Nc5 Be1 46. Nb7 Ke6 47. Nd8+ Kd7 48. Nf7 Ke6 49. Ne5 c5 50. Bxc5 Bxc3 51. Nxg4 Kf5 52. Ne3+ Ke4 53. Ba7 Bd2 54. Nd1 Bg5 55. Nc3+ Kf5 56. Nxd5 Bc1 57. Ne3+ Ke4 58. Ng4 Bb2 59. f3+ Kf5 60. Kg3 Ba3 61. Ne3+ Ke6 62. d5+ Ke5 63. Bb8+ Kd4 64. Bf4 Kc5 65. d6 Kc6 66. Nf5 Kd7 67. Kg4 Ke6 68. Nd4+ Kd7 69. Kf5 Bc5 70. Nb5 Ba3 71. Nxa3 Kc6 72. Nc4 Kd7 73. Ne5+ Kxd6 74. Nd3+ Kd5 75. Ne5 Kd4 76. Ng4 Kd3 77. Bg5 Ke2 78. f4 Kf3 79. Nh6 Ke3 80. Ke5 Kf3 81. f5 Kg3 82. f6 Kf3 83. f7 Ke2 84. f8=Q Kd3 85. Qf3+ Kc4 86. Qd5+ Kc3 87. Ke4 Kc2 1/2-1/2


[Site "https://www.chess.com"]

[Event "Titled Tuesday Blitz August 09 Late 2022"]
[White "Wachinger, Guenther"]
[Black "Bortnyk, Olexandr"]
[WhiteFideId "4604261"]
[BlackFideId "14120828"]
[WhiteElo "2212"]
[BlackElo "2723"]
[Result "0-1"]
[Round "01"]
[TimeControl "180+1"]
[Date "2022.08.09"]
[WhiteClock "0:00:45"]
[BlackClock "0:01:19"]

1. e4 d6 2. d4 Nf6 3. Nc3 Nbd7 4. Nf3 e5 5. Bc4 Be7 6. O-O c6 7. a4 h6 8. Ba2 Qc7 9. Re1 g5 10. dxe5 dxe5 11. Nd2 Nf8 12. Nc4 Ng6 13. a5 O-O 14. Ne3 Rd8 15. Qe2 Nf4 16. Qf1 Bb4 17. Nf5 Bxf5 18. exf5 Bxa5 19. Bxf4 exf4 20. Qc4 Bxc3 21. Qxc3 Kg7 22. Bb3 a6 23. Ra5 Re8 24. Rae5 Rxe5 25. Rxe5 Rd8 26. Re1 Qd7 27. Qc4 Re8 28. Rf1 Re5 29. h3 Rxf5 30. c3 f3 31. g3 Rc5 0-1


[Site "https://www.chess.com"]

[Event "Titled Tuesday Blitz August 09 Late 2022"]
[White "Zhang, Eric"]
[Black "Rasulov, Vugar"]
[WhiteFideId "30907667"]
[BlackFideId "13402390"]
[WhiteElo "2477"]
[BlackElo "2509"]
[Result "0-1"]
[Round "01"]
[TimeControl "180+1"]
[Date "2022.08.09"]
[WhiteClock "0:01:39"]
[BlackClock "0:01:45"]

1. d4 Nf6 2. c4 e6 3. Nf3 d5 4. Nc3 Bb4 5. Bg5 O-O 6. e3 c5 7. cxd5 exd5 8. Bd3 Nc6 9. O-O Bxc3 10. bxc3 h6 11. Bxf6 Qxf6 12. Re1 b6 13. Qa4 Bg4 14. Nd2 Bd7 15. Qa3 Rfc8 16. Rab1 Na5 17. Nb3 cxd4 18. cxd4 Nc4 19. Bxc4 dxc4 20. Nd2 Qg6 21. Qc3 b5 22. e4 a5 23. a3 Rab8 24. Nf3 Qd6 25. Ne5 b4 26. axb4 axb4 27. Qf3 Be8 28. Rec1 c3 29. Qd3 Rd8 30. f3 Qxe5 31. Rd1 Qg5 32. d5 Ba4 33. Rdc1 c2 34. Ra1 b3 35. h4 Qxc1+ 36. Rxc1 b2 0-1


[Site "https://www.chess.com"]

[Event "Titled Tuesday Blitz August 09 Late 2022"]
[White "Abdrlauf, Elham"]
[Black "Romanchuk, Viktor"]
[WhiteFideId "1533533"]
[BlackFideId "14109271"]
[WhiteElo "2430"]
[BlackElo "2242"]
[Result "0-1"]
[Round "02"]
[TimeControl "180+1"]
[Date "2022.08.09"]
[WhiteClock "0:00:05"]
[BlackClock "0:00:14"]

1. e4 e6 2. d4 d5 3. Nc3 dxe4 4. Nxe4 Nd7 5. Nf3 Ngf6 6. Nxf6+ Nxf6 7. Bd3 c5 8. dxc5 Bxc5 9. Qe2 O-O 10. Bg5 h6 11. h4 Qa5+ 12. c3 Ng4 13. Be3 Bxe3 14. fxe3 Qb6 15. e4 e5 16. Rf1 Be6 17. O-O-O Bxa2 18. Rde1 Rad8 19. Nd2 Be6 20. Kb1 Rd7 21. Nf3 Rfd8 22. Bc2 Qa5 23. Rd1 Qa2+ 24. Kc1 Qa1+ 25. Bb1 Ba2 26. Kc2 Rxd1 27. Rxd1 Rxd1 28. Bxa2 Qxa2 29. Kxd1 Qb1+ 30. Kd2 Qxb2+ 31. Ke1 Qxc3+ 32. Nd2 Qe3 33. Nc4 Qxe2+ 34. Kxe2 Kf8 35. Nd6 a5 36. Nc4 a4 37. Na3 Ke7 38. Kf3 h5 39. Nb5 Kd7 40. g3 Kc6 41. Na3 b5 42. Nc2 Kc5 43. Ne1 Kc4 44. Nc2 b4 45. Ne1 b3 0-1


[Site "https://www.chess.com"]

[Event "Titled Tuesday Blitz August 09 Late 2022"]
[White "Aggelis, Nikolaos"]
[Black "Zhigalko, Sergei"]
[WhiteFideId "4213220"]
[BlackFideId "13502956"]
[WhiteElo "2154"]
[BlackElo "2662"]
[Result "0-1"]
[Round "02"]
[TimeControl "180+1"]
[Date "2022.08.09"]
[WhiteClock "0:00:04"]
[BlackClock "0:00:08"]

1. d4 Nf6 2. g3 c5 3. d5 e6 4. Nc3 b5 5. Bg2 Bb7 6. e4 b4 7. e5 bxc3 8. exf6 Qxf6 9. Rb1 Bxd5 10. Bxd5 exd5 11. Qxd5 Nc6 12. Ne2 Qe6 13. Qxe6+ fxe6 14. Nxc3 d5 15. O-O Nd4 16. Bf4 Nxc2 17. Nb5 Kd7 18. Rfd1 a6 19. Nc3 Nd4 20. Be3 Nf5 21. Bf4 Bd6 22. Bxd6 Nxd6 23. Na4 Kc6 24. Re1 Rhe8 25. b3 Rab8 26. Rbc1 c4 27. bxc4 Nxc4 28. Re2 Rb4 29. Nb2 Kd6 30. Nd3 Rb7 31. f4 a5 32. Rce1 g6 33. Kg2 a4 34. h4 a3 35. h5 gxh5 36. Rh1 h4 37. Rxh4 Rb2 38. Nxb2 axb2 39. Rh1 Ra8 40. Rb1 Rxa2 41. Kf3 Kc5 42. Kf2 Kd4 43. Rc2 Kd3 44. Re2 Kc3 45. Kf3 Nd2+ 46. Rxd2 Kxd2 47. g4 Kc2 48. Re1 b1=Q 49. Rxb1 Kxb1 50. f5 exf5 51. Kf4 fxg4 52. Kxg4 d4 0-1


[Site "https://www.chess.com"]

[Event "Titled Tuesday Blitz August 09 Late 2022"]
[White "Aldokhin, Ivan"]
[Black "Shimanov, Aleksandr"]
[WhiteFideId "24115720"]
[BlackFideId "4198603"]
[WhiteElo "2246"]
[BlackElo "2605"]
[Result "0-1"]
[Round "02"]
[TimeControl "180+1"]
[Date "2022.08.09"]
[WhiteClock "0:00:04"]
[BlackClock "0:00:11"]

1. e4 d5 2. Nc3 dxe4 3. Nxe4 Nf6 4. Nxf6+ exf6 5. d4 Bd6 6. Bd3 O-O 7. Ne2 Re8 8. c3 Nd7 9. Qc2 Nf8 10. Be3 c6 11. O-O-O Be6 12. Kb1 b5 13. g4 Bxg4 14. Rhg1 Qd7 15. h4 Re7 16. Rde1 Rae8 17. Ng3 Bxg3 18. Rxg3 Ng6 19. Reg1 Bh5 20. Bf5 Qd5 21. Bd3 a5 22. c4 bxc4 23. Bxc4 Qd7 24. Bd3 Kh8 25. a3 Qd5 26. Bc4 Qd6 27. Bd3 Rb8 28. Ka1 Reb7 29. Bc1 Qxd4 30. Be2 Bxe2 31. Qxe2 Qxh4 32. Qf3 Rb3 33. Qxb3 Rxb3 34. Rxb3 h5 35. Rgg3 Qc4 36. Kb1 h4 37. Rh3 Qe4+ 38. Ka1 Kg8 39. Rbe3 Qf5 40. Rc3 Qxf2 41. Rxc6 Qf1 42. Rcc3 f5 43. Rh2 f4 44. Ka2 f3 45. Rcc2 Qg1 46. Rhf2 Qg4 47. Rc3 Ne5 48. Be3 a4 49. Rc5 Qe6+ 50. Ka1 Nd3 51. Rd2 Nxc5 52. Bxc5 Qe1+ 0-1


[Site "https://www.chess.com"]

[Event "Titled Tuesday Blitz August 09 Late 2022"]
[White "Alekseenko, Kirill"]
[Black "Ekdyshman, Mikhail"]
[WhiteFideId "4135539"]
[BlackFideId "4149416"]
[WhiteElo "2682"]
[BlackElo "2146"]
[Result "1-0"]
[Round "02"]
[TimeControl "180+1"]
[Date "2022.08.09"]
[WhiteClock "0:00:37"]
[BlackClock "0:00:05"]

1. f4 g6 2. Nf3 Bg7 3. e4 c5 4. Bc4 Nc6 5. d3 e6 6. Nbd2 Nge7 7. a3 d5 8. Ba2 O-O 9. O-O f5 10. c3 h6 11. Qe1 Kh7 12. h4 dxe4 13. dxe4 Qc7 14. Nc4 b5 15. Nce5 Nxe5 16. Nxe5 c4 17. a4 a6 18. Bb1 Bb7 19. h5 Bxe5 20. fxe5 gxh5 21. Qe3 f4 22. Rxf4 Ng8 23. axb5 Rxf4 24. Qxf4 axb5 25. Rxa8 Bxa8 26. Bc2 Qg7 27. Bd1 Qg6 28. Bf3 Bc6 29. Be3 Kg7 30. Kh2 Kh7 31. Kh3 Kg7 32. Kh4 Be8 33. Bc5 Kh7 34. Bf8 Bf7 35. Kh3 Be8 36. Kh2 Qg5 37. g3 Bg6 38. Kg2 h4 39. Qxg5 hxg5 40. gxh4 gxh4 41. Kh3 Nh6 42. Be7 Nf7 43. Bf6 Kg8 44. Kxh4 Nh6 45. Kg5 Kh7 46. Kf4 Bf7 47. Bd1 Kg6 48. Ke3 Be8 49. Kd4 Nf7 50. Kc5 Nh6 51. Kd6 Ng8 52. Kxe6 Bc6 53. Bf3 Be8 54. Bg4 Bf7+ 55. Kd6 Nh6 56. Bd7 Ng8 57. Bxb5 Nxf6 58. exf6 Kxf6 59. e5+ Kf5 60. Bd7+ Ke4 61. e6 Bg6 62. e7 Ke3 63. Kc5 Bf7 64. e8=Q+ Bxe8 65. Bxe8 Kd3 66. Bg6+ Kd2 67. Kxc4 1-0


[Site "https://www.chess.com"]

[Event "Titled Tuesday Blitz August 09 Late 2022"]
[White "Andreikin, Dmitry"]
[Black "Wiewiora, Eneasz"]
[WhiteFideId "4158814"]
[BlackFideId "1140396"]
[WhiteElo "2736"]
[BlackElo "2291"]
[Result "1-0"]
[Round "02"]
[TimeControl "180+1"]
[Date "2022.08.09"]
[WhiteClock "0:01:56"]
[BlackClock "0:00:39"]

1. d4 Nf6 2. c4 e6 3. Nf3 a6 4. Nc3 d5 5. c5 b6 6. cxb6 c5 7. e3 Nbd7 8. Bd3 cxd4 9. exd4 Qxb6 10. O-O Bd6 11. Na4 Qb8 12. b3 O-O 13. Bb2 Bb7 14. Rc1 Ne4 15. Qe2 Bf4 16. Rc2 Qd8 17. Nc5 Ndxc5 18. dxc5 Ng5 19. c6 Bc8 20. g3 Nxf3+ 21. Qxf3 Bc7 22. b4 Rb8 23. a3 Qg5 24. h4 Qe7 25. Re1 Rd8 26. Be5 f6 27. Bxc7 Qxc7 28. Qh5 g6 29. Bxg6 hxg6 30. Qxg6+ 1-0


[Site "https://www.chess.com"]

[Event "Titled Tuesday Blitz August 09 Late 2022"]
[White "Arias, Juan Cruz"]
[Black "Livaic, Leon"]
[WhiteFideId "118540"]
[BlackFideId "14531534"]
[WhiteElo "2091"]
[BlackElo "2540"]
[Result "0-1"]
[Round "02"]
[TimeControl "180+1"]
[Date "2022.08.09"]
[WhiteClock "0:00:46"]
[BlackClock "0:00:53"]

1. e4 e6 2. d4 d5 3. Nd2 c5 4. exd5 Qxd5 5. Ngf3 cxd4 6. Bc4 Qd7 7. Qe2 Nc6 8. O-O Nf6 9. Nb3 a6 10. a4 Qc7 11. Rd1 Bd7 12. Nbxd4 Nxd4 13. Nxd4 Be7 14. Bg5 O-O 15. c3 Rfe8 16. Bd3 h6 17. Bh4 Rad8 18. a5 Nd5 19. Bg3 Bd6 20. Qe4 Nf6 21. Bxd6 Qxd6 22. Qxb7 e5 23. Ne2 Bf5 24. Bc2 Qe6 25. Bxf5 Rxd1+ 26. Rxd1 Qxf5 27. Qxa6 e4 28. Ng3 Qf4 29. Qe2 e3 30. fxe3 Rxe3 31. Qf2 Qe5 32. a6 Ng4 33. Rd8+ Kh7 34. Qc2+ g6 35. Rd1 Rxg3 36. hxg3 Qe3+ 37. Kh1 Qxg3 38. Kg1 Qh2+ 39. Kf1 Ne3+ 0-1


[Site "https://www.chess.com"]

[Event "Titled Tuesday Blitz August 09 Late 2022"]
[White "Averjanov, Alexey"]
[Black "Galperin, Platon"]
[WhiteFideId "14109867"]
[BlackFideId "14165414"]
[WhiteElo "2625"]
[BlackElo "2435"]
[Result "0-1"]
[Round "02"]
[TimeControl "180+1"]
[Date "2022.08.09"]
[WhiteClock "0:00:30"]
[BlackClock "0:01:04"]

1. d4 e6 2. c4 f5 3. Nf3 Nf6 4. g3 Be7 5. Bg2 O-O 6. O-O d6 7. b3 Ne4 8. Bb2 Bf6 9. Nc3 Nc6 10. Rc1 Nxc3 11. Bxc3 e5 12. dxe5 dxe5 13. Qd5+ Kh8 14. Rfd1 Qe7 15. Qd2 Be6 16. Qc2 Rad8 17. Rxd8 Rxd8 18. Rd1 e4 19. Bxf6 Qxf6 20. Rxd8+ Qxd8 21. Ne1 Nb4 22. Qb2 Qd1 23. Kf1 Nc6 24. f3 e3 25. f4 Nd4 26. Bxb7 Qd2 27. Qa1 Qxe2+ 28. Kg1 Qf2+ 29. Kh1 Qf1# 0-1


[Site "https://www.chess.com"]

[Event "Titled Tuesday Blitz August 09 Late 2022"]
[White "Bjelobrk, Igor"]
[Black "Esipenko, Andrey"]
[WhiteFideId "4300726"]
[BlackFideId "24175439"]
[WhiteElo "2335"]
[BlackElo "2619"]
[Result "0-1"]
[Round "02"]
[TimeControl "180+1"]
[Date "2022.08.09"]
[WhiteClock "0:00:11"]
[BlackClock "0:01:07"]

1. Nf3 d5 2. c4 d4 3. b4 c5 4. b5 g6 5. d3 Bg7 6. g3 a6 7. Na3 Nf6 8. Bg2 O-O 9. O-O axb5 10. Nxb5 Nc6 11. a4 Nd7 12. Nd2 Ra6 13. Nb3 Na5 14. Nxa5 Rxa5 15. Bd2 Ra6 16. Qc2 Ne5 17. Rfb1 Nc6 18. Qc1 e5 19. Bd5 Kh8 20. h4 Bg4 21. f3 Bc8 22. Kg2 h5 23. Qa3 Qe7 24. Rb3 Kh7 25. Rab1 Bh6 26. Be1 Be3 27. a5 Kg7 28. Qb2 Nxa5 29. Ra3 b6 30. Bxa5 bxa5 31. Qa2 g5 32. Rh1 Rg6 33. Kf1 gxh4 34. Rxa5 Qg5 35. Ke1 hxg3 0-1


[Site "https://www.chess.com"]

[Event "Titled Tuesday Blitz August 09 Late 2022"]
[White "Blanco Ronquillo, Humberto L."]
[Black "Makarian, Rudik"]
[WhiteFideId "3504239"]
[BlackFideId "44105681"]
[WhiteElo "2425"]
[BlackElo "2403"]
[Result "1-0"]
[Round "02"]
[TimeControl "180+1"]
[Date "2022.08.09"]
[WhiteClock "0:00:17"]
[BlackClock "0:00:03"]

1. d4 Nf6 2. c4 g6 3. Nf3 Bg7 4. g3 c5 5. Bg2 cxd4 6. Nxd4 h5 7. h3 Nc6 8. Nc2 d6 9. Nc3 Be6 10. b3 h4 11. g4 Nxg4 12. Bb2 Nf6 13. Ne3 Nh5 14. Qd2 Nf4 15. O-O-O Rc8 16. Kb1 O-O 17. Bd5 a6 18. Bxe6 Nxe6 19. Ncd5 b5 20. cxb5 axb5 21. Rc1 Bxb2 22. Qxb2 Nc5 23. Rhg1 Qd7 24. Rg4 Ne5 25. Rxh4 f6 26. Rg1 e6 27. f4 exd5 28. fxe5 fxe5 29. Rxg6+ Kf7 30. Rh7+ Kxg6 31. Rxd7 Nxd7 32. Qd2 d4 33. Qd3+ Kg5 34. Ng4 Rf1+ 35. Kb2 Rfc1 36. Qh7 R1c2+ 37. Ka3 Nc5 38. Qxc2 b4+ 39. Kb2 Kh4 40. Qd2 Kxh3 41. Nf2+ Kg2 42. Nd3 Ne4 43. Qe1 Nc3 44. Qf2+ Kh3 45. Qf3+ Kh4 46. Nf2 Kg5 47. Qg4+ Kf6 48. Ne4+ Nxe4 49. Qxe4 Rc3 50. Qd5 Ke7 51. Qb7+ Ke6 52. Qxb4 Re3 53. Qd2 d5 54. a4 Rc3 55. a5 Rc6 56. Qb4 Rc3 57. a6 Re3 58. Qd2 Rh3 59. a7 Rh8 60. Qa5 d3 61. exd3 1-0


[Site "https://www.chess.com"]